 Dungeon Crawl Stone Soup version 0.21-a0-228-g14ccbf3 (webtiles) character file.

39 tof the Caller (level 3, -2/24 HPs)
             Began as a Merfolk Summoner on Aug 31, 2017.
             Slain by Crazy Yiuf
             ... wielding a +4 quarterstaff of chaos
              (16 damage)
             ... on level 2 of the Dungeon.
             The game lasted 00:06:50 (2128 turns).

tof the Caller (Merfolk Summoner)                   Turns: 2128, Time: 00:06:51

Health: -2/24      AC:  2    Str:  8    XL:     3   Next: 45%
Magic:  0/6        EV: 14    Int: 15    God:
Gold:   13         SH:  0    Dex: 14    Spells: 5/6 levels left

rFire    . . .     SeeInvis .   p - +0 short sword
rCold    . . .     Gourm    .   (no shield)
rNeg     . . .     Faith    .   a - +0 robe
rPois    .         Spirit   .   (no helmet)
rElec    .         Reflect  .   (no cloak)
rCorr    .         Harm     .   (no gloves)
MR       .....                  (no boots)
Stlth    ++........             (no amulet)
HPRegen  0.08/turn              (no ring)
MPRegen  0.10/turn              (no ring)

@: no status effects
A: change form in water, swift swim, stealthy swim
a: no special abilities


You were on level 2 of the Dungeon.
You were not hungry.

You visited 1 branch of the dungeon, and saw 2 of its levels.

You collected 13 gold pieces.

Inventory:

Hand Weapons
 p - a +0 short sword (weapon)
Armour
 a - a +0 robe (worn)
Jewellery
 o - an uncursed ring of magical power {unknown}
Scrolls
 i - a scroll of magic mapping {unknown}
 m - a scroll of teleportation {unknown}
 q - a scroll of fog {unknown}
Potions
 d - a potion of invisibility {unknown}
 e - 2 potions of magic {unknown}
 h - 2 potions of cancellation {unknown}
 j - a potion of lignification {unknown}
 k - a potion of might {unknown}
 l - a potion of degeneration {unknown}
Books
 b - a book of Callings

   Spells                             Type                      Level
   a - Summon Small Mammal            Summoning                    1
   b - Call Imp                       Summoning                    2
   c - Call Canine Familiar           Summoning                    3
   d - Summon Guardian Golem          Hexes/Summoning              3
   e - Summon Lightning Spire         Summoning/Air                4
   f - Summon Ice Beast               Ice/Summoning                4
Comestibles
 c - 2 bread rations
 f - a meat ration
 g - a royal jelly
 n - 4 chunks of flesh


   Skills:
 * Level 3.6 Dodging
 + Level 2.7 Stealth
 + Level 2.1 Spellcasting
 * Level 4.4 Summonings


You had 5 spell levels left.
You knew the following spells:

 Your Spells              Type           Power        Failure   Level  Hunger
a - Summon Small Mammal   Summ           ##..         3%          1    #......


Dungeon Overview and Level Annotations

Branches:
Dungeon (2/15)

Altars:

Annotations:
D:2 Crazy Yiuf


Message History

Your rat dies!
Your rat's corpse disappears in a puff of smoke!
Casting: Summon Small Mammal
Confirm with . or Enter, or press ? or * to list all spells.
Your quokka bites Crazy Yiuf.
Crazy Yiuf hits your quokka with a quarterstaff of chaos.
Crazy Yiuf freezes your quokka.
Your quokka dies!
Your quokka's corpse disappears in a puff of smoke!
Something bites the bush but does no damage.
Crazy Yiuf grits, "Earwax agre sow!"
Casting: Summon Small Mammal
Confirm with . or Enter, or press ? or * to list all spells.
Casting: Summon Small Mammal
Confirm with . or Enter, or press ? or * to list all spells.
Crazy Yiuf says, "Two!"
Crazy Yiuf hits you with a quarterstaff of chaos!
You are electrocuted!
Ouch! That really hurt!
You die...

♣♣.♣ #..............#
♣.♣♣ #......<........
♣♣.♣ #...[...........
♣♣.♣♣
#..............#
♣♣.P.♣
#..............#
♣P.rP♣
#...<.........##
#....#
#......#.....##
##..####r############
#...rg@..# ##..b#####
#####


You could see Crazy Yiuf, a friendly quokka, a friendly bat and a friendly rat.

Vanquished Creatures
  An adder (D:1)
  A giant cockroach (D:1)
  A jackal (D:1)
  2 frilled lizards
  A rat (D:1)
6 creatures vanquished.

Vanquished Creatures (collateral kills)
  2 gnolls (D:1)
  A worm (D:2)
  2 dart slugs
  A ball python (D:1)
  2 giant cockroaches (D:1)
  5 goblins
  2 hobgoblins (D:1)
  2 jackals (D:1)
  4 bats (D:1)
  3 kobolds
  2 rats
26 creatures vanquished.

Grand Total: 32 creatures vanquished

Notes
Turn   | Place    | Note
-------+----------+-------------------------------------------
     0 | D:1      | tof the Merfolk Summoner began the quest for the Orb.
     0 | D:1      | Reached XP level 1. HP: 13/13 MP: 3/3
   366 | D:1      | Reached XP level 2. HP: 12/19 MP: 0/5
  1197 | D:1      | Reached XP level 3. HP: 24/24 MP: 0/6
  1641 | D:2      | Found a runed door.
  2102 | D:2      | Noticed Crazy Yiuf
  2128 | D:2      | Slain by Crazy Yiuf

Vault maps used:
D:1:      lightli_arrival_quake
D:2:      nicolae_overflow_hidden_temple, lemuel_flame_loot_1,
          uniq_crazy_yiuf_cottage

Skill      XL: |  1 |
---------------+----+-----
Dodging        | 3 |  3.6
Stealth        | |  2.7
Spellcasting   | |  2.1
Summonings     | |  4.4

Action                   || total
-------------------------++-------
Melee: Unarmed           ||    76
       Short sword       ||     2
 Cast: Summon Small Mamm ||    82
 Stab: Sleeping          ||     1
       Distracted        ||     1
  Eat: Chunk             ||     5
Armor: Robe              ||    19
Dodge: Dodged            ||    99

Table legend:
 A = Spawn XP
 B = Non-spawn XP
 C = Spawn XP percentage of total XP
 D = Spawn monster count
 E = Non-spawn monster count
 F = Spawn count percentage of total count
 G = Total turns spent on level
                    A         B        C        D         E        F      G
               +---------+---------+-------+---------+---------+-------+---------
         Total |      12 |      44 |  21.4 |       5 |      27 |  15.6 |  2128
               +---------+---------+-------+---------+---------+-------+---------
           D:1 |      11 |      36 |  23.4 |       4 |      22 |  15.4 |  1606
           D:2 |       1 |       8 |  11.1 |       1 |       5 |  16.7 |   522
               +---------+---------+-------+---------+---------+-------+---------
